 Dungeon Crawl Stone Soup version 0.31-a0-765-g67fe2935dc (webtiles) character file.

Game seed: 17501585453851944692

29 Dirtsage the Chopper (level 3, 17/29 HPs)
             Began as a Demonspawn Berserker on Sept 15, 2023.
             Was a Follower of Trog.
             Quit the game on level 1 of the Dungeon.
             The game lasted 00:01:33 (893 turns).

Dirtsage the Chopper (Demonspawn Berserker)          Turns: 893, Time: 00:01:34

Health: 17/29      AC:  2    Str: 19    XL:     3   Next: 1%
Magic:  3/3        EV: 12    Int:  8    God:    Trog [*.....]
Gold:   54         SH:  4    Dex: 12    Spells: 2/2 levels left

rFire   . . .        a - +0 hand axe
rCold   . . .        (no shield)
rNeg    . . .        b - +0 animal skin
rPois   .            (no helmet)
rElec   .            (no cloak)
rCorr   .            (no gloves)
SInv    .            (no boots)
Will    .....        (no amulet)
Stlth   +            (no ring)
HPRegen 0.24/turn    (no ring)
MPRegen 0.08/turn

%: no passive effects
@: no status effects
A: foul stench 1, condensation shield
a: Renounce Religion, Berserk


You were on level 1 of the Dungeon.
You worshipped Trog.
Trog was aware of your devotion.
You visited 1 branch of the dungeon, and saw 1 of its levels.

You collected 54 gold pieces.

Inventory:

Hand Weapons
 a - a +0 hand axe (weapon)
Armour
 b - a +0 animal skin (worn)
Scrolls
 c - a scroll of revelation {unknown}
 d - a scroll of silence {unknown}


   Skills:
 - Level 3.0 Fighting
 + Level 3.8 Axes
 - Level 1.7 Armour
 - Level 1.7 Dodging


You had 2 spell levels left.
You didn't know any spells.
Your spell library was empty.

Dungeon Overview and Level Annotations

Branches:
Dungeon (1/15)

Altars:

Shops:
D:1 (!=(


Innate Abilities, Weirdness & Mutations

You may rarely emit foul miasma when damaged in melee.
A meltable shield of frost defends you. (SH +4)


Message History

Found 8 gold pieces.
Found a stone staircase leading down.
The quokka closely misses you.
You hit the quokka.
The quokka is moderately wounded.
The endoplasm quivers.
The quokka misses you. The quokka barely misses you.
You slash the quokka!
You kill the quokka!
Trog accepts your kill. The endoplasm freezes you.
You are frozen.
You take 3 damage, and have 21/24 hp.
You hit the endoplasm.
The endoplasm is lightly wounded.
The endoplasm freezes you.
You are frozen.
You take 5 damage, and have 16/24 hp.
MASSIVE DAMAGE!!
You are too injured to fight recklessly!
You are too injured to fight recklessly!
You are too injured to fight recklessly!
You are too injured to fight recklessly!
You hit the endoplasm.
The endoplasm is heavily wounded.
The endoplasm freezes you.
You are frozen.
You take 2 damage, and have 14/24 hp.
You hit the endoplasm.
The endoplasm is severely wounded.
The endoplasm barely misses you.
You hit the endoplasm.
You kill the endoplasm!
Trog accepts your kill.
You have reached level 3!
Your experience leads to an increase in your attributes!
Increase (s)trength, (i)ntelligence, or (d)exterity?
You feel stronger. x2; Your demonic ancestry asserts itself...
Frost condenses into a shield before you.
You regained 3 hp, and now have 17/29 hp.
MP restored: 3 Are you sure you want to abandon this character and quit the game? (Confirm with "yes".)

.###.###.............#...........
.###.###........##'#.#.########.#
..#8.8##........##.#.####### #.#
####.#############.#.......# #.#
#8##.##8##8# ###.#######.# #.#
...(........ +...# #.# #.#
#8##.##8##8# ##.+##### #.# #.# #
##.## # ##.........#.# #.# #8.8#
#.@.....$..#.####.# ##.##
#..........#....... ##.##
#..........######## #8.8#
.........$. ##.## #...........
####.## ...>........ .##8.8#
###......... .###.## #.........
.###'#


There were no monsters in sight!

Vanquished Creatures
  2 endoplasms (D:1)
  A giant cockroach (D:1)
  4 goblins (D:1)
  3 hobgoblins (D:1)
  2 jackals (D:1)
  2 quokkas (D:1)
  2 ball pythons (D:1)
  2 bats (D:1)
  3 frilled lizards (D:1)
  2 kobolds (D:1)
  3 rats (D:1)
26 creatures vanquished.

Notes
Turn   | Place    | Note
-------+----------+-------------------------------------------
     0 | D:1      | Dirtsage the Demonspawn Berserker began the quest for the
                  | Orb.
     0 | D:1      | Reached XP level 1. HP: 18/18 MP: 1/1
    74 | D:1      | Found Negrecot's Distillery.
   143 | D:1      | Gained mutation: You may rarely emit foul miasma when
                  | damaged in melee. [demonic ancestry]
   143 | D:1      | Reached XP level 2. HP: 14/24 MP: 2/2
   253 | D:1      | Found Kuewkar's Antique Weapon Boutique.
   657 | D:1      | Found Imeaduta's Jewellery Emporium.
   840 | D:1      | Found Beps's Weapon Shop.
   893 | D:1      | Gained mutation: A meltable shield of frost defends you.
                  | (SH +4) [demonic ancestry]
   893 | D:1      | Reached XP level 3. HP: 17/29 MP: 3/3
   893 | D:1      | Quit the game

Illustrated notes

Levels and vault maps discovered:
D:1:      sevenhm_arrival_forest_fort_large_2, layout_basic, serial_shops, shop,
          shop, shop, nicolae_shop_tiny_real_fake_doors, dk_noncrumbling_2,
          minmay_misc_feat_hallway

Skill      XL: |  1 |
---------------+----+-----
Axes           | 3 |  3.8
Fighting       | |  3.0
Armour         | |  1.7
Dodging        | |  1.7

Action                     || total
---------------------------++-------
  Melee: Hand axe          ||    67
         Punch             ||     1
 Invoke: Berserk           ||     1
 Armour: Animal skin       ||    41
  Dodge: Dodged            ||    55

Table legend: (Time is in decaauts)
 A = Elapsed time spent in this place.
 B = Non-inter-level travel time spent in this place.
 C = Inter-level travel time spent in this place.
 D = Time resting spent in this place.
 E = Time spent auto-exploring this place.
 F = Levels seen in this place.
 G = Mean time per level.
                   A        B        C        D        E       F      G
               +--------+--------+--------+--------+--------+-----+--------+
         Total |    911 |    911 |      0 |     61 |    706 |   1 |  911.0 |
       Dungeon |    911 |    911 |      0 |     61 |    706 |   1 |  911.0 |
               +--------+--------+--------+--------+--------+-----+--------+

Top non-repeatable levels by time:
     D:1: 911 daAuts
